 Dungeon Crawl Stone Soup version 0.30-a0-4-ga7cffc901d (webtiles) character file.

Game seed: 777595888954853262

147 Plasmagod the Chopper (level 5, 0/30 HPs)
             Began as a Gargoyle Gladiator on Aug 21, 2022.
             Slain by a gnoll
             ... wielding a +0 flail
              (3 damage)
             ... on level 3 of the Dungeon.
             The game lasted 00:03:46 (2870 turns).

Plasmagod the Chopper (Gargoyle Gladiator)          Turns: 2870, Time: 00:03:47

Health: 0/30       AC:  8    Str: 20    XL:     5   Next: 29%
Magic:  5/5        EV: 12    Int:  8    God:
Gold:   129        SH:  0    Dex: 11    Spells: 4/4 levels left

rFire   . . .      SeeInvis .    p - +3 quarterstaff (vorpal)
rCold   + . .      Faith    .    (shield currently unavailable)
rNeg    + . .      Spirit   .    b - +0 leather armour
rPois   ∞          Reflect  .    c - +0 helmet
rElec   +          Harm     .    (no cloak)
rCorr   .          Rampage  .    (no gloves)
Will    .....                    (no boots)
Stlth   +.........               (no amulet)
HPRegen 0.10/turn                r - ring of wizardry
MPRegen 0.09/turn                o - ring of protection from cold

@: no status effects
A: sickness immunity, AC +4, negative energy resistance 1, electricity
resistance, torment resistance 1, petrification resistance
a: no special abilities


You were on level 3 of the Dungeon.
You visited 1 branch of the dungeon, and saw 3 of its levels.

You collected 129 gold pieces.

Inventory:

Hand Weapons
 a - a +0 war axe
 p - a +3 vorpal quarterstaff (weapon)
Missiles
 d - 3 throwing nets (quivered)
 e - a javelin
Armour
 b - a +0 leather armour (worn)
 c - a +0 helmet (worn)
Jewellery
 o - a ring of protection from cold (right hand)
 r - a ring of wizardry (left hand)
 w - a ring of fire
Scrolls
 g - a scroll of enchant armour {unknown}
 i - a scroll of blinking {unknown}
 l - a scroll of teleportation {unknown}
 m - a scroll of immolation {unknown}
 n - a scroll of poison {unknown}
 q - 2 scrolls of identify {unknown}
 s - a scroll of enchant weapon {unknown}
 t - a scroll of acquirement {unknown}
 u - a scroll of fog {unknown}
Potions
 f - a potion of attraction {unknown}
 h - a potion of curing {unknown}
 j - a potion of flight {unknown}
 k - a potion of brilliance {unknown}
 v - a potion of heal wounds {unknown}


   Skills:
 - Level 2.1 Fighting
 + Level 5.3 Axes
 - Level 1.7 Throwing
 - Level 2.4 Dodging


You had 4 spell levels left.
You didn't know any spells.
Your spell library contained the following spells:

 Spells                   Type           Power      Damage    Failure   Level
 Ignite Poison            Fire/Tmut/Pois 0%         N/A       50%         3
 Mephitic Cloud           Conj/Pois/Air  0%         N/A       50%         3
 Portal Projectile        Hex/Tloc       0%         N/A       50%         3
 Tukima's Dance           Hex            0%         N/A       50%         3
 Blade Hands              Tmut           0%         N/A       99%         5
 Freezing Cloud           Conj/Ice/Air   0%         6-21      99%         5


Dungeon Overview and Level Annotations

Branches:
Dungeon (3/15)

Altars:
The Shining One


Innate Abilities, Weirdness & Mutations

You are immune to sickness and miasma.
Your stone body is resilient. (AC +4)
You are immune to poison.
You resist negative energy. (rN+)
You are resistant to electric shocks. (rElec)
You are resistant to unholy torment.
You are immune to petrification.


Message History

You hit the gnoll.
The gnoll is severely wounded.
The gnoll hits you with a +0 spear. The gnoll barely misses you.
You closely miss the gnoll.
The gnoll is severely wounded.
The gnoll hits you with a +0 spear.
You sock the gnoll!
You kill the gnoll!
The gnoll closely misses you.
You sock the gnoll!
You kill the gnoll!
The gnoll closely misses you.
You hit the gnoll.
The gnoll is lightly wounded.
The gnoll barely misses you. The gnoll hits you with a +0 flail.
You are too injured to fight recklessly!
You closely miss the gnoll.
The gnoll is lightly wounded.
The gnoll hits you but does no damage.
You hit the gnoll.
The gnoll is moderately wounded.
The gnoll barely misses you.
You barely miss the gnoll.
The gnoll is moderately wounded.
The gnoll closely misses you. The gnoll hits you but does no damage.
You completely miss the gnoll.
The gnoll is moderately wounded.
The gnoll barely misses you.
You hit the gnoll.
The gnoll is severely wounded.
The gnoll hits you with a +0 flail.
* * * LOW HITPOINT WARNING * * *
You barely miss the gnoll.
The gnoll is severely wounded.
The gnoll hits you with a +0 flail.
* * * LOW HITPOINT WARNING * * *
You hit the gnoll.
The gnoll is almost dead.
The gnoll completely misses you. The gnoll hits you with a +0 flail.
You die...

..... ##### . .. #
..# ###+#
#..##...# #..#...#
#.....# ########
#..)##.## .......#
######.@g...#
######.#
#....#.######
######.###....#..#
............<.##.#
.####.####....##.#
..# #.# #######.#
..# #.# #.#
..###.### #.#
........# #.#


You could see a gnoll.

Vanquished Creatures
  2 gnolls (D:3)
  5 adders
  3 dart slugs
  5 orcs (D:3)
  5 endoplasms
  3 giant cockroaches (D:1)
  5 goblins
  6 hobgoblins
  7 kobolds
  4 quokkas
  8 ball pythons
  7 bats
  3 frilled lizards
  8 rats
71 creatures vanquished.

Notes
Turn   | Place    | Note
-------+----------+-------------------------------------------
     0 | D:1      | Plasmagod the Gargoyle Gladiator began the quest for the
                  | Orb.
     0 | D:1      | Reached XP level 1. HP: 12/12 MP: 1/1
    75 | D:1      | Reached skill level 3 in Axes
   160 | D:1      | Reached XP level 2. HP: 17/17 MP: 2/2
   687 | D:1      | Reached XP level 3. HP: 19/21 MP: 3/3
   861 | D:1      | Found a faded altar of an unknown god.
  1123 | D:1      | Reached skill level 4 in Axes
  1401 | D:2      | Reached XP level 4. HP: 26/26 MP: 4/4
  2309 | D:3      | Found a glowing golden altar of the Shining One.
  2388 | D:3      | Reached skill level 5 in Axes
  2766 | D:3      | Reached XP level 5. HP: 29/30 MP: 5/5
  2870 | D:3      | Slain by a gnoll

Illustrated notes

Levels and vault maps discovered:
D:1:      dpeg_arrival_prison, layout_rooms, serial_co_window_serial,
          co_window_corner_a, co_window_corner_a, co_window_paths_a,
          co_window_of_opportunity_a, co_window_of_opportunity_a,
          co_window_corner_cb, co_window_cross_2, co_window_2corner,
          co_window_paths_c, co_window_of_opportunity_c, glass_columns_b,
          glass_columns_c, hellmonk_ecumenical_altar_arch_garden
D:2:      layout_loops_corners, minmay_tetromino_l4
D:3:      minmay_diamond_boxcup, layout_basic, tso_metal_star,
          mainiacjoe_overflow_alcove_2

Skill      XL: |  1  2  3  4 |
---------------+-------------+-----
Axes           | 3 4 5 |  5.3
Fighting       | |  2.1
Throwing       | |  1.7
Dodging        | |  2.4

Action                   |  1- 3 |  4- 6 || total
-------------------------+-------+-------++-------
Melee: War axe           |    68 |    10 ||    78
       Quarterstaff      |    30 |    73 ||   103
       Punch             |       |     1 ||     1
Armor: Leather armour    |    55 |    23 ||    78
Dodge: Dodged            |    79 |    76 ||   155

Table legend: (Time is in decaauts)
 A = Elapsed time spent in this place.
 B = Non-inter-level travel time spent in this place.
 C = Inter-level travel time spent in this place.
 D = Time resting spent in this place.
 E = Time spent auto-exploring this place.
 F = Levels seen in this place.
 G = Mean time per level.
                   A        B        C        D        E       F      G
               +--------+--------+--------+--------+--------+-----+--------+
         Total |   2921 |   2860 |     61 |      0 |   2395 |   3 |  973.7 |
       Dungeon |   2921 |   2860 |     61 |      0 |   2395 |   3 |  973.7 |
               +--------+--------+--------+--------+--------+-----+--------+

Top non-repeatable levels by time:
     D:1: 1211 daAuts
     D:2: 1004 daAuts
     D:3: 705 daAuts
